 Dungeon Crawl Stone Soup version 0.22-a0-247-gbddf880757 (webtiles) character file.

93 Peterchen the Skirmisher (level 4, -2/35 HPs)
             Began as a Demonspawn Abyssal Knight on Feb 23, 2018.
             Was an Initiate of Lugonu.
             Slain by a sky beast (6 damage)
             ... on level 2 of the Dungeon.
             The game lasted 00:08:05 (2651 turns).

Peterchen the Skirmisher (DsAK)                     Turns: 2651, Time: 00:08:06

Health: -2/35      AC:  6    Str: 14    XL:     4   Next: 36%
Magic:  6/6        EV: 11    Int: 13    God:    Lugonu [......]
Gold:   138        SH:  0    Dex: 12    Spells: 3/3 levels left

rFire    + . .     SeeInvis .   s - +0 broad axe
rCold    x . .     Gourm    .   (no shield)
rNeg     . . .     Faith    .   b - +0 leather armour
rPois    .         Spirit   .   (no helmet)
rElec    .         Reflect  .   (no cloak)
rCorr    .         Harm     .   (no gloves)
MR       .....                  l - +0 pair of boots
Stlth    +.........             (no amulet)
HPRegen  0.11/turn              r - ring of fire
MPRegen  0.10/turn              (no ring)

@: no status effects
A: iridescent scales 1, demonic guardian 1
a: Renounce Religion


You were on level 2 of the Dungeon.
You worshipped Lugonu.
Lugonu was noncommittal.
You were very hungry.

You visited 1 branch of the dungeon, and saw 3 of its levels.
You visited the Abyss 1 time.

You collected 138 gold pieces.

Inventory:

Hand Weapons
 a - a +1 hand axe
 s - a +0 broad axe (weapon)
Missiles
 m - 23 poisoned needles (quivered)
Armour
 b - a +0 leather armour (worn)
 l - a +0 pair of boots (worn)
Jewellery
 r - a ring of fire (left hand)
Scrolls
 d - a scroll of enchant armour {unknown}
 e - 3 scrolls of identify
 h - a scroll of immolation {unknown}
 j - a scroll of fog {unknown}
 n - 2 scrolls of amnesia {unknown}
 p - a scroll of enchant weapon {unknown}
Potions
 f - a potion of might {unknown}
 g - 2 potions of heal wounds {unknown}
 i - 2 potions of brilliance {unknown}
 k - a potion of invisibility {unknown}
 o - a potion of flight {unknown}
Comestibles
 c - 2 rations


   Skills:
 + Level 3.5 Fighting
 * Level 3.0 Axes
 + Level 2.4 Armour
 - Level 0.8 Dodging
 + Level 3.4 Invocations


You had 3 spell levels left.
You didn't know any spells.

Dungeon Overview and Level Annotations

Branches:
Dungeon (3/15)

Altars:


Innate Abilities, Weirdness & Mutations

You are partially covered in iridescent scales. (AC +2)
A weak demonic guardian rushes to your aid.


Message History

The sky beast flickers out of sight!
Deactivating autopickup; reactivate with Ctrl-A.
Something hits you but does no damage.
There is a stone staircase leading up, spattered with blood here.
Something hits you but does no damage.
You climb upwards.
There is a stone staircase leading down here.
You barely miss something. Something hits you.
* * * LOW HITPOINT WARNING * * *
Something shocks you.
* * * LOW HITPOINT WARNING * * *
You hit something but do no damage.
Something hits you but does no damage. x2
Something hits you but does no damage.
There is an open door here.
A sky beast appears from thin air!
Reactivating autopickup.
The sky beast hits you.
* * * LOW HITPOINT WARNING * * *
The sky beast shocks you.
You die...

###.#######.####..##.# #......#
#...)..##.......##)# #.#.####
#.####.#######.###.###.#.# #.##
#.# ##'###.......# #..# #.#
##...######.#### ####..###.#
##.....###......# ..##..#.#.#
##.......##.#รท#..#
#.##......###.........#.#....##
............'..Y@.....')......##
#.###....####.........#.#......#
#.# #.#.## ##.......##.###..#.#
#.# #.### ##.....###.####.#.#
#.# #.# ##...## #......#.#
..###.# #####+############.#
####..# #.........# #.#
#.########.###.###.# #.#
#.##........##.###.# #.#


You could see a sky beast.

Vanquished Creatures
  A gnoll (D:3)
  4 adders
  2 dart slugs
  4 leopard geckos
  2 giant cockroaches
  3 goblins
  5 hobgoblins
  2 quokkas (D:2)
  2 bats (D:2)
  2 frilled lizards
  2 kobolds (D:1)
  6 rats
35 creatures vanquished.

Vanquished Creatures (collateral kills)
  A gnoll (D:3)
1 creature vanquished.

Grand Total: 36 creatures vanquished

Notes
Turn   | Place    | Note
-------+----------+-------------------------------------------
     0 | Abyss:1  | Peterchen the Demonspawn Abyssal Knight began the quest for the Orb.
     0 | Abyss:1  | Reached XP level 1. HP: 18/18 MP: 2/2
     0 | Abyss:1  | Found a blossoming altar of Fedhas.
    56 | Abyss:1  | Found a corrupted altar of Lugonu.
   125 | Abyss:1  | Noticed a quasit
   130 | Abyss:1  | Noticed a spatial vortex
   131 | Abyss:1  | Noticed a spatial maelstrom
   131 | Abyss:1  | Noticed a spatial vortex
   136 | Abyss:2  | Noticed an orc sorcerer
   137 | D:1      | Escaped the Abyss
   721 | D:1      | Gained mutation: A weak demonic guardian rushes to your aid. [demonic ancestry]
   721 | D:1      | Reached XP level 2. HP: 24/24 MP: 4/4
  1016 | D:2      | Reached XP level 3. HP: 29/29 MP: 5/5
  1803 | D:2      | Reached * piety under Lugonu
  2160 | D:3      | Gained mutation: You are partially covered in iridescent scales. (AC +2) [demonic ancestry]
  2160 | D:3      | Reached XP level 4. HP: 35/35 MP: 6/6
  2178 | D:3      | HP: 1/35 [gnoll/spear (7)]
  2485 | D:3      | Noticed a sky beast
  2651 | D:2      | Slain by a sky beast

Vault maps used:
D:1:      dpeg_arrival_tiny_a, lemuel_old_faithful
D:3:      uniq_natasha, uniq_ijyb
Abyss:1:  hangedman_abyss_feature_spike

Skill      XL: |  1  2  3  4 |
---------------+-------------+-----
Axes           | 2 3 |  3.0
Armour         | 2 |  2.4
Invocations    | 3 |  3.4
Fighting       | |  3.5
Dodging        | |  0.8

Action                   |  1- 3 |  4- 6 || total
-------------------------+-------+-------++-------
Melee: Hand axe          |    94 |       ||    94
       Broad axe         |     4 |     9 ||    13
Invok: Depart the Abyss  |     1 |       ||     1
  Use: Scroll            |     1 |     1 ||     2
  Eat: Chunk             |     4 |       ||     4
Armor: Leather armour    |    28 |     8 ||    36
Dodge: Dodged            |    58 |    14 ||    72

Table legend:
 A = Spawn XP
 B = Non-spawn XP
 C = Spawn XP percentage of total XP
 D = Spawn monster count
 E = Non-spawn monster count
 F = Spawn count percentage of total count
 G = Total turns spent on level
                    A         B        C        D         E        F      G
               +---------+---------+-------+---------+---------+-------+---------
         Total |       0 |     133 |   0.0 |       0 |      36 |   0.0 |  2651
               +---------+---------+-------+---------+---------+-------+---------
           D:1 |       0 |      20 |   0.0 |       0 |      11 |   0.0 |   685
           D:2 |       0 |      71 |   0.0 |       0 |      20 |   0.0 |  1326
           D:3 |       0 |      42 |   0.0 |       0 |       5 |   0.0 |   503
               +---------+---------+-------+---------+---------+-------+---------
